 Dungeon Crawl Stone Soup version 0.31.0-9-g3a7656b989 (webtiles) character file.

Game seed: 12148672161063072235

116 qw the Ducker (level 4, 0/23 HPs)
             Began as a Spriggan Hunter on Feb 2, 2024.
             Killed from afar by Natasha (8 damage)
             ... with a magic dart
             ... on level 3 of the Dungeon.
             The game lasted 00:00:08 (1712 turns).

qw the Ducker (Spriggan Hunter)                     Turns: 1712, Time: 00:00:08

Health: 0/23       AC:  2    Str:  7    XL:     4   Next: 70%
Magic:  5/5        EV: 20    Int: 10    God:
Gold:   95         SH:  0    Dex: 20    Spells: 3/3 levels left

rFire   . . .        a - +1 shortbow
rCold   . . .        (shield currently unavailable)
rNeg    . . .        c - +0 robe
rPois   .            (helmet restricted)
rElec   .            (no cloak)
rCorr   .            (gloves unavailable)
SInv    +            (boots unavailable)
Will    .....        (no amulet)
Stlth   ++           (no ring)
HPRegen 0.23/turn    (no ring)
MPRegen 0.09/turn

%: no passive effects
@: very quick
A: very small, no large weapons, unfitting armour, see invisible, speed 3
a: no special abilities


You were on level 3 of the Dungeon.
You visited 1 branch of the dungeon, and saw 3 of its levels.

You collected 95 gold pieces.


Innate Abilities, Weirdness & Mutations

You are very small and have problems with some larger weapons.
You are too small for most types of armour.
You have supernaturally acute eyesight. (SInv)
You cover ground extremely quickly. (Speed+++)


   Skills:
 + Level 1.7 Fighting
 - Level 5.0 Ranged Weapons
 - Level 5.2 Dodging
 - Level 1.5 Stealth


You had 3 spell levels left.
You didn't know any spells.
Your spell library was empty.

Inventory:

Hand Weapons
 a - a +1 shortbow (weapon)
Armour
 c - a +0 robe (worn)
Scrolls
 b - a scroll of identify
 f - a scroll of enchant armour

Dungeon Overview and Level Annotations

Branches:
Dungeon (3/15)

Altars:

Shops:
D:1 :   D:3 (

Annotations:
D:3 Natasha


Message History

You shoot an arrow. The arrow hits the cerulean imp!
The cerulean imp is heavily wounded.
The cerulean imp misses you. The cerulean imp barely misses you.
You shoot an arrow.
The arrow hits the ribbon worm but does no damage.
The cerulean imp hits you but does no damage.
The ribbon worm bites you. The cerulean imp barely misses you.
The cerulean imp hits you from afar with a +0 spear.
You shoot an arrow. The arrow hits the ribbon worm.
The ribbon worm is moderately wounded.
The cerulean imp hits you from afar with a +2 spear.
The ribbon worm closely misses you. The cerulean imp closely misses you.
You shoot an arrow.
The arrow barely misses the ribbon worm.
The arrow closely misses the cerulean imp.
The cerulean imp hits you from afar with a +2 spear.
The ribbon worm expels a string of sticky webbing.
The stream of webbing misses you. The cerulean imp completely misses you.
The cerulean imp hits you from afar with a +2 spear.
Enter note:
1708 ||| RETREEEEATING.
You shoot an arrow. The arrow hits the ribbon worm.
The ribbon worm is heavily wounded.
The cerulean imp hits you from afar with a +0 spear.
The ribbon worm misses you.
You shoot an arrow. The arrow hits the ribbon worm.
The ribbon worm is severely wounded.
The cerulean imp completely misses you. The ribbon worm barely misses you.
You shoot an arrow. The arrow hits the ribbon worm!
You kill the ribbon worm!
The cerulean imp hits you but does no damage.
You shoot an arrow. The arrow hits the cerulean imp.
The cerulean imp is lightly wounded.
The cerulean imp disappears in a puff of smoke!
Natasha wildly gestures.
Natasha shimmers violently.
Natasha stares at you and mumbles some strange words.
The magic dart hits you!
You die...
Natasha begins licking her fur clean.

#.#.##.#
#.....#
#<#.##.#
##...##
#....#.# ##.##
###..#.# #.#
#..#.# #.#
#..#.# #.#
#.%#.# #.#
#..!.######.#
##...#.%@...#
#...#h######
#......w.....
...............
.......#.#.####
.##..#..##.# #.
#...... . ## #"
# #.


You could see Natasha.

Vanquished Creatures
  An orc priest (D:3)
  Natasha (D:3)
  An adder (D:2)
  A ribbon worm (D:3)
  6 orcs (D:3)
  A bat (D:1)
  6 endoplasms
  5 giant cockroaches
  3 goblins
  A hobgoblin (D:1)
  2 quokkas (D:3)
  5 ball pythons
  2 frilled lizards
  6 kobolds
  4 rats
45 creatures vanquished.

Notes
Turn   | Place    | Note
-------+----------+-------------------------------------------
     0 | D:1      | qw the Spriggan Hunter began the quest for the Orb.
     0 | D:1      | Reached XP level 1. HP: 10/10 MP: 2/2
     0 | D:1      | 0 ||| qw: Version: 0.3-a-155-g5e7d8dd
     0 | D:1      | 0 ||| qw: Game counter: 2800
     0 | D:1      | 0 ||| qw: Melee chars always use a shield: true
     0 | D:1      | 0 ||| qw: God list: Okawaru
     0 | D:1      | 0 ||| qw: Allow faded altars: false
     0 | D:1      | 0 ||| qw: Do Orc after clearing Dungeon:15 true
     0 | D:1      | 0 ||| qw: Do second Lair branch before Depths: true
     0 | D:1      | 0 ||| qw: Lair rune preference: random
     0 | D:1      | 0 ||| qw: Goals: Normal
     0 | D:1      | 0 ||| PLANNING D:1-11
    16 | D:1      | Reached skill level 3 in Dodging
   133 | D:1      | Reached XP level 2. HP: 8/14 MP: 3/3
   495 | D:1      | Found Geoxixt's Book Shoppe.
   649 | D:1      | 649 ||| READING 2 scrolls labelled HOYQEGGEUGAO.
   650 | D:1      | 650 ||| READING 4 scrolls labelled QAER LOHOHUTAO.
   650 | D:1      | 650 ||| IDENTIFYING cyan potion
   651 | D:1      | 651 ||| READING 3 scrolls of identify.
   651 | D:1      | 651 ||| IDENTIFYING bubbling golden potion
   652 | D:1      | 652 ||| READING 2 scrolls of identify.
   652 | D:1      | 652 ||| IDENTIFYING sedimented purple potion
   653 | D:1      | 653 ||| READING scroll of identify.
   653 | D:1      | 653 ||| IDENTIFYING scroll labelled SEZIASU XEEBLEID
   654 | D:1      | 654 ||| DROPPING scroll of butterflies.
   655 | D:1      | 655 ||| DROPPING scroll of fog.
   656 | D:1      | 656 ||| DROPPING potion of degeneration.
   657 | D:1      | 657 ||| DROPPING potion of invisibility.
   658 | D:1      | 658 ||| DROPPING potion of brilliance.
   796 | D:2      | Reached XP level 3. HP: 18/18 MP: 4/4
   813 | D:2      | You fall into a shaft and drop 1 floor!
   908 | D:3      | Found Ymit's Antique Weapon Emporium.
   917 | D:3      | 917 ||| SHOPLISTING glowing hand cannon (149 gold, have
                  | 13).
   947 | D:3      | Reached XP level 4. HP: 22/22 MP: 5/5
  1034 | D:3      | 1034 ||| READING scroll of identify.
  1034 | D:3      | 1034 ||| IDENTIFYING 2 blue potions
  1035 | D:3      | 1035 ||| DROPPING 2 potions of lignification.
  1414 | D:2      | 1414 ||| READING scroll labelled POIVIALEYF.
  1414 | D:2      | 1414 ||| ENCHANTING +0 shortbow.
  1460 | D:3      | Noticed Natasha
  1463 | D:3      | 1463 ||| RETREEEEATING.
  1477 | D:3      | Killed Natasha
  1693 | D:3      | Noticed Natasha
  1699 | D:3      | 1699 ||| RETREEEEATING.
  1701 | D:3      | 1701 ||| RETREEEEATING.
  1708 | D:3      | 1708 ||| RETREEEEATING.
  1712 | D:3      | Killed from afar by Natasha

Levels and vault maps discovered:
D:1:      kennysheep_arrival_forest, layout_basic, serial_shops,
          nicolae_shop_tiny_glass, minmay_misc_feat_nine_boxes
D:2:      layout_basic
D:3:      layout_loops_ring, mainiacjoe_overflow_alcove_2, serial_shops, shop,
          kennysheep_orc_chapel, uniq_robin, uniq_natasha

Skill      XL: |  1  2  3  4 |
---------------+-------------+-----
Dodging        | 3 4 5 |  5.2
Ranged Weapons | 5 |  5.0
Fighting       | |  1.7
Stealth        | |  1.5

Action                     |  1- 3 |  4- 6 || total
---------------------------+-------+-------++-------
   Fire: Shortbow          |    79 |    86 ||   165
    Use: Scroll            |     5 |     2 ||     7
 Armour: Robe              |     3 |    18 ||    21
  Dodge: Dodged            |    14 |    55 ||    69

Table legend:
 A = Non-vault XP
 B = Vault XP
 C = Vault XP percentage of total XP
 D = Non-vault monster count
 E = Vault monster count
 F = Vault count percentage of total count
                 A         B        C        D         E       F
            +---------+---------+-------+---------+---------+-------
      Total |     132 |      35 |  21.0 |      44 |       1 |   2.2
            +---------+---------+-------+---------+---------+-------
        D:1 |      33 |       0 |   0.0 |      20 |       0 |   0.0
        D:2 |      28 |       0 |   0.0 |      11 |       0 |   0.0
        D:3 |      71 |      35 |  33.0 |      13 |       1 |   7.1
            +---------+---------+-------+---------+---------+-------
